 Dungeon Crawl Stone Soup version 0.31.0-2-g5a2aebc5c2 (webtiles) character file.

Game seed: 12193721641956513459

718 Persephone the Chopper (level 7, -1/41 HPs)
             Began as a Gargoyle Fighter on Jan 20, 2024.
             Killed by divine providence
             ... invoked by an orc priest
              (15 damage)
             ... on level 6 of the Dungeon.
             The game lasted 00:08:49 (4036 turns).

Persephone the Chopper (Gargoyle Fighter)           Turns: 4036, Time: 00:08:50

Health: -1/41      AC: 12    Str: 21    XL:     7   Next: 70%
Magic:  7/7        EV:  9    Int:  9    God:
Gold:   322        SH:  4    Dex:  9    Spells: 6/6 levels left

rFire   . . .        a - +0 war axe
rCold   . . .        c - +0 buckler
rNeg    + . .        b - +0 scale mail
rPois   ∞            (no helmet)
rElec   +            (no cloak)
rCorr   .            (no gloves)
SInv    .            n - +0 pair of boots
Will    .....        (no amulet) Stlth
                     (no ring)
HPRegen 0.26/turn    (no ring)
MPRegen 0.10/turn

%: no passive effects
@: no status effects
A: sickness immunity, AC +4, negative energy resistance 1, electricity
resistance, torment resistance 1, petrification resistance
a: no special abilities


You were on level 6 of the Dungeon.
You visited 1 branch of the dungeon, and saw 6 of its levels.

You collected 322 gold pieces.

Inventory:

Hand Weapons
 a - a +0 war axe (weapon)
Armour
 b - a +0 scale mail (worn)
 c - a +0 buckler (worn)
 d - a +0 tower shield
 n - a +0 pair of boots (worn)
Wands
 h - a wand of flame (30)
 q - a wand of iceblast (2)
 r - a wand of quicksilver (12)
Scrolls
 f - a scroll of teleportation
 i - 2 scrolls of silence
 j - a scroll of fear
 m - a scroll of amnesia {unknown}
 p - a scroll of blinking {unknown}
 t - a scroll of revelation {unknown}
Potions
 e - a potion of resistance
 g - 2 potions of lignification
 k - a potion of enlightenment
 l - a potion of brilliance
 o - a potion of curing
 u - a potion of might


   Skills:
 - Level 3.2 Fighting
 * Level 7.0 Axes
 - Level 3.2 Armour
 + Level 5.1 Shields


You had 6 spell levels left.
You didn't know any spells.
Your spell library contained the following spells:

 Spells                   Type           Power      Damage    Failure   Level
 Sting                    Conj/Alch      0%         1d3       80%         1
 Mercury Vapours          Alch/Air       0%         N/A       90%         2
 Scorch                   Fire           0%         2d5       90%         2
 Flame Wave               Conj/Fire      0%         2d4       100%        4
 Ignite Poison            Fire/Alch      0%         N/A       100%        4
 Olgreb's Toxic Radiance  Alch           0%         N/A       100%        4
 Freezing Cloud           Conj/Ice/Air   0%         6-21      100%        5
 Summon Cactus Giant      Summ           0%         N/A       100%        6
 Cigotuvi's Dreadful Rot  Necr/Alch/Air  Unusable   N/A       N/A         2

Dungeon Overview and Level Annotations

Branches:
Dungeon (6/15)
 Temple: D:4-7

Altars:
Cheibriados
Fedhas
Qazlal
Xom

Shops:
D:3 *


Innate Abilities, Weirdness & Mutations

You are immune to sickness and miasma.
Your stone body is resilient. (AC +4)
You are immune to poison.
You resist negative energy. (rN+)
You are resistant to electric shocks. (rElec)
You are resistant to unholy torment.
You are immune to petrification.


Message History

The hound bites you. The hound bites you but does no damage.
You slash the hound!
You kill the hound!
Your Axes skill increases to level 7!
You hit the orc but do no damage. The orc hits you with a +0 war axe.
You hit the orc.
The orc is heavily wounded.
The orc closely misses you.
An orc priest comes into view. It is wielding a +0 trident.
You block the orc's attack.
The orc priest moves out of view.
You slash the orc!
You kill the orc!
A hound comes into view.
The hound barks!
The orc priest shouts!
You hit the orc.
The orc is almost dead.
The orc hits you but does no damage.
You barely miss the orc.
The orc is almost dead.
The orc hits you with a +0 quarterstaff!
You block the orc priest's attack.
You barely miss the orc.
The orc is almost dead.
The orc barely misses you.
The orc priest hits you but does no damage.
You slash the orc!
You kill the orc!
The orc priest casts a cantrip, but nothing happens.
The orc priest calls down the wrath of Beogh upon you.
Beogh smites you!
The orc priest hits you but does no damage.
Items here: ))) [[ †.
You hit the orc priest.
The orc priest is lightly wounded.
The orc priest looks braver for a moment.
You slash the orc priest!
The orc priest is almost dead.
The orc priest mumbles some strange prayers to Beogh against you.
Beogh smites you!
You die...

#.# #.# #.# #.#
#.# ## #.# .. #.#
####.###.######
#...ho@)........
....#.###.#######
. .. ..# #. ###
#. #


You could see a hound and an orc priest.

Vanquished Creatures
  2 black bears
  A scorpion (D:5)
  A howler monkey (D:5)
  A bombardier beetle (D:5)
  A hound (D:6)
  An orc priest (D:4)
  A sleepcap (D:5)
  4 iguanas
  2 orc wizards
  5 adders
  2 white imps (D:5)
  2 ufetubi (D:5)
  3 dart slugs
  13 orcs
  9 ball pythons
  6 endoplasms
  2 giant cockroaches
  8 goblins
  9 hobgoblins
  4 jackals (D:1)
  4 quokkas
  5 bats
  3 frilled lizards
  5 kobolds
  3 rats
97 creatures vanquished.

Notes
Turn   | Place    | Note
-------+----------+-------------------------------------------
     0 | D:1      | Persephone the Gargoyle Fighter began the quest for the
                  | Orb.
     0 | D:1      | Reached XP level 1. HP: 14/14 MP: 1/1
    20 | D:1      | Reached skill level 2 in Axes
    27 | D:1      | Reached XP level 2. HP: 10/19 MP: 2/2
   168 | D:1      | Reached skill level 3 in Axes
   199 | D:1      | Reached XP level 3. HP: 21/23 MP: 3/3
   771 | D:2      | Identified the +5 mace of Guilt {holy, rC+ rN+ MP+9}
  1115 | D:3      | Reached XP level 4. HP: 28/28 MP: 4/4
  1336 | D:3      | Reached skill level 4 in Axes
  1699 | D:3      | Found a blossoming altar of Fedhas.
  1772 | D:3      | Found Edunneamo's Assorted Antiques.
  1913 | D:4      | Reached XP level 5. HP: 10/32 MP: 5/5
  2169 | D:4      | Reached skill level 5 in Axes
  2530 | D:4      | Noticed a black bear
  2536 | D:4      | Killed a black bear
  2537 | D:4      | Reached XP level 6. HP: 37/37 MP: 6/6
  2921 | D:5      | Entered Level 5 of the Dungeon
  3097 | D:5      | Found a shimmering altar of Xom.
  3128 | D:5      | Found a stormy altar of Qazlal.
  3324 | D:5      | Noticed a black bear
  3329 | D:5      | Killed a black bear
  3330 | D:5      | Reached skill level 6 in Axes
  3330 | D:5      | Reached XP level 7. HP: 36/41 MP: 7/7
  3916 | D:5      | Found a snail-covered altar of Cheibriados.
  3924 | D:5      | Reached skill level 5 in Shields
  4027 | D:6      | Reached skill level 7 in Axes
  4036 | D:6      | Killed from afar by an orc priest

Illustrated notes

Levels and vault maps discovered:
D:1:      amcnicky_arrival_gap_in_the_tavern_cellar, layout_basic
D:2:      layout_basic, minmay_misc_feat_columns
D:3:      layout_basic, amcnicky_altar_gilded, serial_shops,
          nicolae_shop_peninsula
D:4:      layout_basic
D:5:      black_bear_nest_2, layout_loops_ring, slow_altar_2,
          overflow_temple_1_default, mainiacjoe_overflow_chevrons,
          grunt_ministairs_11
D:6:      layout_basic, nicolae_tso_besieged_by_evil, serial_shops, shop,
          uniq_jeremiah

Skill      XL: |  1  2  3  4  5  6  7 |
---------------+----------------------+-----
Axes           | 2 3 4 5 6 7 |  7.0
Shields        | 4 5 |  5.1
Fighting       | |  3.2
Armour         | |  3.2

Action                     |  1- 3 |  4- 6 |  7- 9 || total
---------------------------+-------+-------+-------++-------
  Melee: War axe           |   106 |   132 |    59 ||   297
    Use: Scroll            |       |     6 |     3 ||     9
         Potion            |       |     2 |       ||     2
 Armour: Scale mail        |    91 |   144 |    45 ||   280
  Dodge: Dodged            |    46 |    51 |    21 ||   118
  Block: Buckler           |    30 |    20 |     8 ||    58
